Tucson Roadrunners vs Philadelphia Phantoms
Created - Monday, February 24, 2025 at 08:09
Goals
|
| Tucson Roadrunners |
3 |
1 |
1 |
0 |
5 |
| Philadelphia Phantoms |
1 |
1 |
3 |
1 |
6 |
|
Shots
|
| Tucson Roadrunners |
9 |
10 |
12 |
2 |
33 |
| Philadelphia Phantoms |
12 |
14 |
10 |
4 |
40 |
|
1st period
1. Philadelphia Phantoms , Alex Steeves 10 (Ryan Johnson 5, Luca Del Bel Belluz 9) at 14:00 (PP)
2. Tucson Roadrunners , Anthony Richard 15 (William Carrier 16) at 15:30 (SH)
3. Tucson Roadrunners , Anthony Richard 16 (William Carrier 17, Sheldon Dries 17) at 18:43
4. Tucson Roadrunners , Steven Lorentz 5 (Topias Vilen 3, Robert Hagg 8) at 19:49
Penalties :
Sheldon Dries (TRR) for Holding (Minor) at 3:36, Tyler Kleven (PHP) for Fighting (Major) at 6:38, Maxwell Crozier (TRR) for Fighting (Major) at 6:38, Maxwell Crozier (TRR) for instigated a fight (Minor) at 6:38, Maxwell Crozier (TRR) for instigated a fight (10 Minutes Misconduct) at 6:38, Marcus Bjork (PHP) for Fighting (Major) at 13:48, Maksymilian Szuber (TRR) for Fighting (Major) at 13:48, Maksymilian Szuber (TRR) for instigated a fight (Minor) at 13:48, Maksymilian Szuber (TRR) for instigated a fight (10 Minutes Misconduct) at 13:48, Johnathan Kovacevic (TRR) for Holding (Minor) at 14:17
2nd period
5. Tucson Roadrunners , Anthony Richard 17 (William Carrier 18) at 5:20
6. Philadelphia Phantoms , Egor Afanasyev 8 (Marcus Bjork 8) at 6:39 (PP)
Penalties :
Anthony Richard (TRR) for Tripping (Minor) at 6:08, Robert Hagg (TRR) for Delaying the game (Minor) at 7:35, Tye Kartye (PHP) for Cross-checking (Minor) at 7:45, Owen Sillinger (TRR) for Holding (Minor) at 11:27, Matt Rempe (PHP) for Holding (Minor) at 15:46
3rd period
7. Philadelphia Phantoms , Egor Afanasyev 9 (Tye Kartye 14, Alex Steeves 15) at 1:23
8. Philadelphia Phantoms , Ryan Winterton 9 (Ryan Johnson 6, Tyler Kleven 2) at 6:34
9. Tucson Roadrunners , William Carrier 16 (Maxwell Crozier 6) at 8:58
10. Philadelphia Phantoms , Luca Del Bel Belluz 8 (Ryan Johnson 7, Tye Kartye 15) at 17:54 (PP)
Penalties :
Maxwell Crozier (TRR) for Hooking (Minor) at 9:52, Robert Hagg (TRR) for Tripping (Minor) at 16:55, Tyler Kleven (PHP) for Fighting (Major) at 17:55, Mike Hardman (TRR) for Fighting (Major) at 17:55
Overtime #1
11. Philadelphia Phantoms , Alex Steeves 11 (Nick Blankenburg 6, Egor Afanasyev 12) at 4:03 (PP)
Penalties :
Mike Hardman (TRR) for Delaying the game (Minor) at 3:10
Goalie Stats
Carter Hart (TRR), 34 saves from 40 shots - (0.850), OTL, 9-2-1, 64:03 minutes
Dennis Hildeby (PHP), 28 saves from 33 shots - (0.848), W, 8-2-3, 64:03 minutes
Players Stats for Tucson Roadrunners
Player Name G A P +/- PIM S H SB GA TA FO MP PP MP PK MP
------------------------------------------------------------------------------------
0 0 0 0 0 0 0 0 0 0 0/0 0:00 0:00 0:00
Anthony Richard 3 0 3 4 2 7 4 1 1 1 7/20 21:45 1:02 6:24
Ben Jones 0 0 0 -1 0 0 0 0 0 0 0/0 4:48 0:00 0:00
Brock McGinn 0 0 0 1 0 5 1 1 1 1 0/2 21:33 0:59 5:26
Gage Goncalves 0 0 0 -1 0 2 2 1 0 0 2/11 14:46 0:08 0:00
Johnathan Kovacevic 0 0 0 1 2 0 1 0 1 0 0/0 20:14 1:12 0:17
Maksymilian Szuber 0 0 0 -1 17 0 2 0 0 0 0/0 13:32 0:10 2:22
Maxwell Crozier 0 1 1 1 19 1 2 1 1 0 0/0 15:53 0:47 3:14
Mike Hardman 0 0 0 -1 7 2 1 1 0 0 1/3 14:04 0:00 1:42
Ondrej Pavel 0 0 0 -1 0 0 1 0 0 0 0/0 5:19 0:00 0:00
Owen Sillinger 0 0 0 -1 2 2 4 0 0 0 0/0 14:08 0:00 0:00
Robert Hagg 0 1 1 3 4 1 1 0 0 0 0/0 22:13 0:57 5:58
Sheldon Dries 0 1 1 3 2 0 1 0 0 1 9/10 18:54 0:52 4:34
Steven Lorentz 1 0 1 1 0 1 1 0 0 0 0/1 13:54 0:59 0:00
Topias Vilen 0 1 1 2 0 1 0 1 0 1 0/0 23:28 0:10 5:57
Tyson Barrie 0 0 0 0 0 5 3 1 3 2 0/0 33:16 1:12 7:30
Walker Duehr 0 0 0 1 0 2 1 0 0 0 3/12 13:54 0:59 0:00
William Carrier 1 3 4 3 0 4 2 0 0 1 6/14 24:49 1:06 6:20
Zach Dean 0 0 0 0 0 0 1 0 0 0 0/0 5:03 0:12 0:00
Players Stats for Philadelphia Phantoms
Player Name G A P +/- PIM S H SB GA TA FO MP PP MP PK MP
------------------------------------------------------------------------------------
0 0 0 0 0 0 0 0 0 0 0/0 0:00 0:00 0:00
Adam Klapka 0 0 0 -2 0 1 3 0 0 0 5/7 13:39 0:13 1:20
Alex Steeves 2 1 3 0 0 4 1 0 1 1 0/0 19:05 5:48 0:00
Alex Swetlikoff 0 0 0 -2 0 0 0 0 0 0 0/1 12:36 0:13 0:01
Egor Afanasyev 2 1 3 1 0 5 3 1 0 1 7/16 21:13 5:59 0:48
James Malatesta 0 0 0 -1 0 4 2 0 0 1 0/1 17:15 5:46 0:01
Jaret Anderson-Dolan 0 0 0 0 0 2 3 0 0 1 1/1 13:05 0:00 1:20
Louis Crevier 0 0 0 -3 0 3 1 1 0 0 0/0 28:25 6:38 0:55
Luca Del Bel Belluz 1 1 2 -1 0 8 0 0 1 0 20/31 18:59 5:48 0:00
Lukas Rousek 0 0 0 0 0 0 0 1 0 0 1/1 10:37 0:00 0:00
Marcus Bjork 0 1 1 -1 5 2 1 0 0 1 0/0 23:31 5:09 1:14
Matt Rempe 0 0 0 -2 2 0 5 0 1 1 1/2 11:13 0:00 0:00
Nick Blankenburg 0 1 1 -2 0 1 0 1 0 1 0/0 20:52 0:00 0:55
Nils Aman 0 0 0 -1 0 3 0 1 1 0 0/0 11:24 0:00 0:48
Reilly Walsh 0 0 0 -1 0 0 1 0 1 0 0/0 25:54 5:58 1:14
Ryan Johnson 0 3 3 0 0 2 0 0 0 0 0/0 18:48 5:49 0:00
Ryan Winterton 1 0 1 -2 0 1 2 0 0 0 10/13 16:36 5:48 0:00
Tye Kartye 0 2 2 1 2 4 4 0 2 0 0/0 19:06 5:45 0:00
Tyler Kleven 0 1 1 1 10 0 1 1 0 0 0/0 10:07 0:00 0:00
3 Stars
1 - Anthony Richard (TRR)
2 - William Carrier (TRR)
3 - Egor Afanasyev (PHP)
Power Play
Tucson Roadrunners - 0 on 2 Attempt(s) - 0.00%
Philadelphia Phantoms - 4 on 10 Attempt(s) - 40.00%
Penalty Kill
Tucson Roadrunners - 6 on 10 Attempt(s) - 60.00%
- Score 1 goal in Penalty Kill
Philadelphia Phantoms - 2 on 2 Attempt(s) - 100.00%
- Score 0 goal in Penalty Kill
Team Stat
Tucson Roadrunners - Hits : 28 - Faceoff Wins : 28 - Blocked Shots : 7 - Penalty Minutes : 55
Philadelphia Phantoms - Hits : 27 - Faceoff Wins : 45 - Blocked Shots : 6 - Penalty Minutes : 19
Official
Referees : Eric Furlatt and Peter Macdougall
Linesman : Jonny Murray and Kyle Flemington
Game Notes
Maxwell Crozier beats up Tyler Kleven at 6:38 of 1st period
Maksymilian Szuber beats up Marcus Bjork at 13:48 of 1st period
Anthony Richard has scored a Hat Trick!
Tyler Kleven beats up Mike Hardman at 17:55 of 3rd period
Tucson Roadrunners
5 vs 5 Forward
Center Left Wing Right Wing Time % Phy DF OF
1 Anthony Richard William Carrier Sheldon Dries 35 1 2 2
2 Walker Duehr Brock McGinn Steven Lorentz 35 1 2 2
3 Gage Goncalves Mike Hardman Owen Sillinger 25 1 2 2
4 Ben Jones William Carrier Ondrej Pavel 5 1 2 2
5 vs 5 Defense
Defense Defense Time % Phy DF OF
1 Johnathan Kovacevic Tyson Barrie 40 1 2 2
2 Maxwell Crozier Robert Hagg 35 1 2 2
3 Topias Vilen Maksymilian Szuber 20 1 2 2
4 Maxwell Crozier Tyson Barrie 5 1 2 2
PowerPlay Forward
Center Left Wing Right Wing Time % Phy DF OF
1 Anthony Richard William Carrier Sheldon Dries 50 1 1 3
2 Walker Duehr Brock McGinn Steven Lorentz 50 1 1 3
PowerPlay Defense
Defense Defense Time % Phy DF OF
1 Johnathan Kovacevic Tyson Barrie 50 0 4 1
2 Maxwell Crozier Robert Hagg 50 0 2 3
Penalty Kill 4 Players Forward
Center Wing Time % Phy DF OF
1 William Carrier Anthony Richard 50 1 3 1
2 Sheldon Dries Brock McGinn 50 1 3 1
Penalty Kill 4 Players Defense
Defense Defense Time % Phy DF OF
1 Topias Vilen Tyson Barrie 50 1 3 1
2 Maxwell Crozier Robert Hagg 50 1 3 1
Penalty Kill - 3 Players Forward
Forward Time % Phy DF OF
1 William Carrier 50 1 2 2
2 Anthony Richard 50 1 2 2
Penalty Kill - 3 Players Defense
Defense Defense Time % Phy DF OF
1 Johnathan Kovacevic Tyson Barrie 50 1 2 2
2 Maxwell Crozier Robert Hagg 50 1 2 2
4 vs 4 Forward
Center Wing Time % Phy DF OF
1 William Carrier Anthony Richard 50 0 2 3
2 Sheldon Dries Brock McGinn 50 0 2 3
4 vs 4 Defense
Defense Defense Time % Phy DF OF
1 Maksymilian Szuber Tyson Barrie 50 0 2 3
2 Maxwell Crozier Robert Hagg 50 0 2 3
Last Minutes Offensive
Center Left Wing Right Wing Defense Defense
Anthony Richard William Carrier Sheldon Dries Johnathan Kovacevic Tyson Barrie
Last Minutes Defensive
Center Left Wing Right Wing Defense Defense
Anthony Richard William Carrier Sheldon Dries Johnathan Kovacevic Tyson Barrie
Goaltenders
Starting : Carter Hart
Backup : Hunter Shepard
Extra Forwards
Normal : Zach Dean, Gage Goncalves, Mike Hardman - PP : Zach Dean, Gage Goncalves - PK : Mike Hardman
Extra Defensemen
Normal : Topias Vilen, Maksymilian Szuber, Maxwell Crozier - PP : Topias Vilen - PK : Maksymilian Szuber, Maxwell Crozier
Penalty Shots
William Carrier, Anthony Richard, Sheldon Dries, Brock McGinn, Walker Duehr
Scratches
Samuel Knazko (Healthy), Jack Matier (Healthy), Lleyton Moore (Healthy), Tanner Dickinson (Healthy), Chase Wheatcroft (Healthy)
Corson Ceulemans (Healthy), Trevor Kuntar (Healthy), Hunter Drew (Healthy), Magnus Chrona (Healthy), Georgi Romanov (Healthy)
Kevin Mandolese (Healthy), Kaapo Kahkonen (Healthy)
Philadelphia Phantoms
5 vs 5 Forward
Center Left Wing Right Wing Time % Phy DF OF
1 Egor Afanasyev Tye Kartye Alex Steeves 25 0 1 4
2 Luca Del Bel Belluz Jaret Anderson-Dolan Lukas Rousek 25 0 2 3
3 Ryan Winterton James Malatesta Nils Aman 25 0 2 3
4 Adam Klapka Alex Swetlikoff Matt Rempe 25 0 1 4
5 vs 5 Defense
Defense Defense Time % Phy DF OF
1 Reilly Walsh Marcus Bjork 35 0 3 2
2 Louis Crevier Nick Blankenburg 35 0 3 2
3 Ryan Johnson Tyler Kleven 30 0 3 2
4 Reilly Walsh Marcus Bjork 0 0 3 2
PowerPlay Forward
Center Left Wing Right Wing Time % Phy DF OF
1 Egor Afanasyev Tye Kartye James Malatesta 50 0 0 5
2 Luca Del Bel Belluz Alex Steeves Ryan Winterton 50 0 0 5
PowerPlay Defense
Defense Defense Time % Phy DF OF
1 Louis Crevier Ryan Johnson 50 0 1 4
2 Reilly Walsh Marcus Bjork 50 0 1 4
Penalty Kill 4 Players Forward
Center Wing Time % Phy DF OF
1 Adam Klapka Jaret Anderson-Dolan 50 0 5 0
2 Egor Afanasyev Nils Aman 50 0 5 0
Penalty Kill 4 Players Defense
Defense Defense Time % Phy DF OF
1 Reilly Walsh Marcus Bjork 50 0 5 0
2 Louis Crevier Nick Blankenburg 50 0 5 0
Penalty Kill - 3 Players Forward
Forward Time % Phy DF OF
1 Adam Klapka 50 0 5 0
2 Egor Afanasyev 50 0 5 0
Penalty Kill - 3 Players Defense
Defense Defense Time % Phy DF OF
1 Reilly Walsh Marcus Bjork 50 0 5 0
2 Louis Crevier Nick Blankenburg 50 0 5 0
4 vs 4 Forward
Center Wing Time % Phy DF OF
1 Egor Afanasyev Alex Steeves 50 0 1 4
2 Luca Del Bel Belluz Tye Kartye 50 0 2 3
4 vs 4 Defense
Defense Defense Time % Phy DF OF
1 Reilly Walsh Marcus Bjork 50 0 3 2
2 Louis Crevier Nick Blankenburg 50 0 3 2
Last Minutes Offensive
Center Left Wing Right Wing Defense Defense
Egor Afanasyev Tye Kartye Alex Steeves Louis Crevier Ryan Johnson
Last Minutes Defensive
Center Left Wing Right Wing Defense Defense
Egor Afanasyev Jaret Anderson-Dolan Adam Klapka Louis Crevier Nick Blankenburg
Goaltenders
Starting : Dennis Hildeby
Backup : Jared Moe
Extra Forwards
Normal : Egor Afanasyev, Luca Del Bel Belluz, Alex Swetlikoff - PP : Egor Afanasyev, Luca Del Bel Belluz - PK : Egor Afanasyev
Extra Defensemen
Normal : Louis Crevier, Ryan Johnson, Reilly Walsh - PP : Louis Crevier - PK : Louis Crevier, Ryan Johnson
Penalty Shots
Egor Afanasyev, Alex Steeves, Ryan Winterton, Adam Klapka, James Malatesta
Scratches
Albert Johansson (Healthy), Filip Cederqvist (Healthy), Tyrel Bauer (Healthy), Marcel Marcel (Healthy), Matthew Seminoff (Healthy)
Daniil Misyul (Healthy), Josh Lopina (Healthy), Isaac Poulter (Healthy), Colten Ellis (Healthy)
% Time on Ice - Tucson Roadrunners
Lines # - Real PCT - Wanted PCT - Time Play
Normal Forward
1 - 27% - 35% - 12:01
2 - 30% - 35% - 13:26
3 - 32% - 25% - 14:00
4 - 11% - 5% - 4:48
Normal Defense
1 - 39% - 40% - 17:08
2 - 38% - 35% - 16:53
3 - 19% - 20% - 8:21
4 - 4% - 5% - 1:53
PP Forward
1 - 54% - 50% - 1:10
2 - 46% - 50% - 0:59
PP Defense
1 - 56% - 50% - 1:12
2 - 44% - 50% - 0:57
PK Forward
1 - 53% - 50% - 6:15
2 - 47% - 50% - 5:32
PK Defense
1 - 48% - 50% - 5:38
2 - 52% - 50% - 6:09
PK3 Forward
1 - 29% - 50% - 0:15
2 - 71% - 50% - 0:37
PK3 Defense
1 - 33% - 50% - 0:17
2 - 67% - 50% - 0:35
44 Forward
1 - 51% - 50% - 2:32
2 - 49% - 50% - 2:28
44 Defense
1 - 56% - 50% - 2:48
2 - 44% - 50% - 2:12
Last Minute Offensive - 0:00
Last Minute Defensive - 0:00
Total
Forward - 64:03
Defense - 64:03
|
% Time on Ice - Philadelphia Phantoms
Lines # - Real PCT - Wanted PCT - Time Play
Normal Forward
1 - 27% - 25% - 12:08
2 - 24% - 25% - 10:41
3 - 24% - 25% - 10:36
4 - 24% - 25% - 10:50
Normal Defense
1 - 35% - 35% - 15:25
2 - 37% - 35% - 16:23
3 - 28% - 30% - 12:27
4 - 0% - 0% - 0:00
PP Forward
1 - 51% - 50% - 5:59
2 - 49% - 50% - 5:48
PP Defense
1 - 49% - 50% - 5:49
2 - 51% - 50% - 5:58
PK Forward
1 - 62% - 50% - 1:20
2 - 38% - 50% - 0:49
PK Defense
1 - 57% - 50% - 1:14
2 - 43% - 50% - 0:55
PK3 Forward
1 - 0% - 50%
2 - 0% - 50%
PK3 Defense
1 - 0% - 50%
2 - 0% - 50%
44 Forward
1 - 51% - 50% - 3:00
2 - 49% - 50% - 2:52
44 Defense
1 - 47% - 50% - 2:44
2 - 53% - 50% - 3:08
Last Minute Offensive - 0:00
Last Minute Defensive - 0:00
Total
Forward - 64:03
Defense - 64:03
|
Play-by-Play
1st period
0:01 of 1st period - Anthony Richard wins face-off versus Egor Afanasyev in neutral zone.
0:04 of 1st period - Alex Steeves is hit by Sheldon Dries and loses puck.
0:12 of 1st period - Off-side.
0:13 of 1st period - Lukas Rousek wins face-off versus Walker Duehr in neutral zone.
0:40 of 1st period - Louis Crevier is hit by Robert Hagg and loses puck.
0:45 of 1st period - Slapshot by Gage Goncalves.
0:45 of 1st period - Deflect By Louis Crevier.
0:45 of 1st period - Shot Blocked by Nick Blankenburg.
0:45 of 1st period - Puck is out of play.
0:46 of 1st period - Anthony Richard wins face-off versus Adam Klapka in Philadelphia Phantoms zone.
0:49 of 1st period - Wrist shot by William Carrier.
0:49 of 1st period - Stopped by Dennis Hildeby with a rebound.
1:22 of 1st period - Slapshot by Brock McGinn.
1:22 of 1st period - Stopped by Dennis Hildeby with a rebound.
2:24 of 1st period - Snap shot by Walker Duehr.
2:24 of 1st period - Stopped by Dennis Hildeby without a rebound.
2:25 of 1st period - Matt Rempe wins face-off versus Walker Duehr in Philadelphia Phantoms zone.
2:50 of 1st period - Nick Blankenburg is hit by Anthony Richard and loses puck.
3:10 of 1st period - Off-side.
3:11 of 1st period - Egor Afanasyev wins face-off versus Gage Goncalves in neutral zone.
3:24 of 1st period - Reilly Walsh is hit by Tyson Barrie and loses puck.
3:36 of 1st period - Minor Penalty to Sheldon Dries for Holding.
3:37 of 1st period - Luca Del Bel Belluz wins face-off versus William Carrier in Tucson Roadrunners zone.
3:39 of 1st period - Slapshot by Luca Del Bel Belluz.
3:39 of 1st period - Stopped by Carter Hart without a rebound.
3:40 of 1st period - Ryan Winterton wins face-off versus William Carrier in Tucson Roadrunners zone.
3:55 of 1st period - Ryan Winterton is hit by Mike Hardman and loses puck.
4:14 of 1st period - Snap shot by Tye Kartye.
4:14 of 1st period - Stopped by Carter Hart without a rebound.
4:15 of 1st period - William Carrier wins face-off versus James Malatesta in Tucson Roadrunners zone.
4:24 of 1st period - Snap shot by Anthony Richard.
4:24 of 1st period - Stopped by Dennis Hildeby with a rebound.
4:42 of 1st period - Reilly Walsh is hit by Maxwell Crozier.
5:31 of 1st period - Icing by Egor Afanasyev.
5:32 of 1st period - Mike Hardman wins face-off versus Egor Afanasyev in Philadelphia Phantoms zone.
5:36 of 1st period - Penalty to Sheldon Dries is over, Sheldon Dries is back on ice.
5:55 of 1st period - Snap shot by William Carrier.
5:55 of 1st period - Shot Blocked by Lukas Rousek.
6:28 of 1st period - Ryan Winterton is hit by Brock McGinn and loses puck.
6:38 of 1st period - Maxwell Crozier beats up Tyler Kleven.
6:38 of 1st period - Penalty to Tyler Kleven for Fighting.
6:38 of 1st period - Penalty to Maxwell Crozier for Fighting.
6:38 of 1st period - Penalty to Maxwell Crozier for instigated a fight.
6:38 of 1st period - Penalty to Maxwell Crozier for instigated a fight.
6:39 of 1st period - Sheldon Dries wins face-off versus Luca Del Bel Belluz in Philadelphia Phantoms zone.
7:12 of 1st period - Slapshot by Tye Kartye.
7:12 of 1st period - Shot Misses the Net.
7:14 of 1st period - Snap shot by Egor Afanasyev.
7:14 of 1st period - Shot Misses the Net.
8:38 of 1st period - Penalty to Maxwell Crozier is over, Ondrej Pavel is send on ice.
8:44 of 1st period - Adam Klapka is hit by Gage Goncalves and loses puck.
8:53 of 1st period - Snap shot by Mike Hardman.
8:53 of 1st period - Shot Hit the Post.
8:55 of 1st period - Slapshot by Owen Sillinger.
8:55 of 1st period - Shot Misses the Net.
9:07 of 1st period - Nick Blankenburg is hit by Steven Lorentz and loses puck.
9:22 of 1st period - Ryan Winterton is hit by William Carrier and loses puck.
10:07 of 1st period - Anthony Richard is hit by Matt Rempe and loses puck.
10:14 of 1st period - Ryan Johnson is hit by Maksymilian Szuber and loses puck.
10:41 of 1st period - Tyson Barrie is hit by Reilly Walsh and loses puck.
11:22 of 1st period - Ryan Johnson is hit by Owen Sillinger and loses puck.
11:52 of 1st period - Topias Vilen is hit by Tyler Kleven and loses puck.
12:29 of 1st period - Brock McGinn is hit by Egor Afanasyev and loses puck.
12:50 of 1st period - Snap shot by Luca Del Bel Belluz.
12:50 of 1st period - Stopped by Carter Hart with a rebound.
13:09 of 1st period - Icing by Robert Hagg.
13:10 of 1st period - Ryan Winterton wins face-off versus Gage Goncalves in Tucson Roadrunners zone.
13:11 of 1st period - Wrist shot by James Malatesta.
13:11 of 1st period - Stopped by Carter Hart without a rebound.
13:12 of 1st period - Ryan Winterton wins face-off versus Gage Goncalves in Tucson Roadrunners zone.
13:15 of 1st period - Snap shot by James Malatesta.
13:15 of 1st period - Stopped by Carter Hart with a rebound.
13:25 of 1st period - Snap shot by James Malatesta.
13:25 of 1st period - Stopped by Carter Hart without a rebound.
13:26 of 1st period - Luca Del Bel Belluz wins face-off versus Anthony Richard in Tucson Roadrunners zone.
13:48 of 1st period - Maksymilian Szuber beats up Marcus Bjork.
13:48 of 1st period - Penalty to Marcus Bjork for Fighting.
13:48 of 1st period - Penalty to Maksymilian Szuber for Fighting.
13:48 of 1st period - Penalty to Maksymilian Szuber for instigated a fight.
13:48 of 1st period - Penalty to Maksymilian Szuber for instigated a fight.
13:49 of 1st period - Luca Del Bel Belluz wins face-off versus William Carrier in Tucson Roadrunners zone.
13:50 of 1st period - Snap shot by Ryan Winterton.
13:50 of 1st period - Shot Blocked by Topias Vilen.
13:52 of 1st period - Snap shot by Alex Steeves.
13:52 of 1st period - Stopped by Carter Hart with a rebound.
13:54 of 1st period - Snap shot by Luca Del Bel Belluz.
13:54 of 1st period - Shot Misses the Net.
13:56 of 1st period - Snap shot by Alex Steeves.
13:56 of 1st period - Shot Misses the Net.
13:58 of 1st period - Slapshot by Ryan Johnson.
13:58 of 1st period - Shot Misses the Net.
14:00 of 1st period - Snap shot by Alex Steeves.
14:00 of 1st period - Goal by Alex Steeves - Tucson Roadrunners : 0 - Philadelphia Phantoms : 1.
14:01 of 1st period - Walker Duehr wins face-off versus Egor Afanasyev in neutral zone.
14:17 of 1st period - Minor Penalty to Johnathan Kovacevic for Holding.
14:18 of 1st period - Sheldon Dries wins face-off versus Egor Afanasyev in Tucson Roadrunners zone.
14:44 of 1st period - Louis Crevier is hit by Anthony Richard and loses puck.
15:04 of 1st period - Snap shot by Tye Kartye.
15:04 of 1st period - Shot Misses the Net.
15:06 of 1st period - Wrist shot by Egor Afanasyev.
15:06 of 1st period - Deflect By Sheldon Dries.
15:06 of 1st period - Shot Misses the Net.
15:06 of 1st period - Puck is out of play.
15:07 of 1st period - Luca Del Bel Belluz wins face-off versus Sheldon Dries in Tucson Roadrunners zone.
15:26 of 1st period - Icing by Louis Crevier.
15:27 of 1st period - William Carrier wins face-off versus Luca Del Bel Belluz in Philadelphia Phantoms zone.
15:30 of 1st period - Snap shot by Anthony Richard.
15:30 of 1st period - Goal by Anthony Richard - Tucson Roadrunners : 1 - Philadelphia Phantoms : 1.
15:31 of 1st period - Sheldon Dries wins face-off versus Luca Del Bel Belluz in neutral zone.
15:42 of 1st period - Snap shot by Alex Steeves.
15:42 of 1st period - Stopped by Carter Hart without a rebound.
15:43 of 1st period - Luca Del Bel Belluz wins face-off versus William Carrier in Tucson Roadrunners zone.
16:17 of 1st period - Penalty to Johnathan Kovacevic is over, Johnathan Kovacevic is back on ice.
16:21 of 1st period - Off-side.
16:22 of 1st period - Adam Klapka wins face-off versus Mike Hardman in neutral zone.
16:25 of 1st period - Snap shot by Adam Klapka.
16:25 of 1st period - Shot Misses the Net.
17:11 of 1st period - Icing by Mike Hardman.
17:12 of 1st period - Luca Del Bel Belluz wins face-off versus Gage Goncalves in Tucson Roadrunners zone.
17:28 of 1st period - Gage Goncalves is hit by Jaret Anderson-Dolan and loses puck.
17:43 of 1st period - Wrist shot by Anthony Richard.
17:43 of 1st period - Shot Misses the Net.
18:05 of 1st period - Robert Hagg is hit by James Malatesta and loses puck.
18:31 of 1st period - Snap shot by Jaret Anderson-Dolan.
18:31 of 1st period - Stopped by Carter Hart with a rebound.
18:33 of 1st period - Slapshot by Louis Crevier.
18:33 of 1st period - Stopped by Carter Hart with a rebound.
18:43 of 1st period - Wrist shot by William Carrier.
18:43 of 1st period - Deflect By Anthony Richard.
18:43 of 1st period - Goal by Anthony Richard - Tucson Roadrunners : 2 - Philadelphia Phantoms : 1.
18:44 of 1st period - Anthony Richard wins face-off versus Adam Klapka in neutral zone.
19:23 of 1st period - Snap shot by Egor Afanasyev.
19:23 of 1st period - Shot Blocked by Mike Hardman.
19:43 of 1st period - Snap shot by Brock McGinn.
19:43 of 1st period - Shot Blocked by Louis Crevier.
19:45 of 1st period - Slapshot by Robert Hagg.
19:45 of 1st period - Stopped by Dennis Hildeby with a rebound.
19:47 of 1st period - Slapshot by Topias Vilen.
19:47 of 1st period - Stopped by Dennis Hildeby with a rebound.
19:49 of 1st period - Snap shot by Steven Lorentz.
19:49 of 1st period - Goal by Steven Lorentz - Tucson Roadrunners : 3 - Philadelphia Phantoms : 1.
19:50 of 1st period - Luca Del Bel Belluz wins face-off versus Anthony Richard in neutral zone.
19:53 of 1st period - Slapshot by Louis Crevier.
19:53 of 1st period - Deflect By Luca Del Bel Belluz.
19:53 of 1st period - Stopped by Carter Hart without a rebound.
19:54 of 1st period - Luca Del Bel Belluz wins face-off versus Anthony Richard in Tucson Roadrunners zone.
Goals for this period are 3 for Tucson Roadrunners vs 1 for Philadelphia Phantoms.
Shots for this period are 9 for Tucson Roadrunners vs 12 for Philadelphia Phantoms.
2nd period
0:01 of 2nd period - Jaret Anderson-Dolan wins face-off versus Anthony Richard in neutral zone.
0:16 of 2nd period - Slapshot by Louis Crevier.
0:16 of 2nd period - Stopped by Carter Hart with a rebound.
0:32 of 2nd period - Slapshot by Tyson Barrie.
0:32 of 2nd period - Stopped by Dennis Hildeby without a rebound.
0:33 of 2nd period - Egor Afanasyev wins face-off versus Walker Duehr in Philadelphia Phantoms zone.
1:00 of 2nd period - Wrist shot by Nils Aman.
1:00 of 2nd period - Shot Misses the Net.
1:02 of 2nd period - Slapshot by Nils Aman.
1:02 of 2nd period - Stopped by Carter Hart with a rebound.
1:04 of 2nd period - Snap shot by Nils Aman.
1:04 of 2nd period - Stopped by Carter Hart with a rebound.
1:06 of 2nd period - Slapshot by Marcus Bjork.
1:06 of 2nd period - Stopped by Carter Hart with a rebound.
1:08 of 2nd period - Snap shot by James Malatesta.
1:08 of 2nd period - Stopped by Carter Hart with a rebound.
1:20 of 2nd period - Snap shot by Jaret Anderson-Dolan.
1:20 of 2nd period - Shot Misses the Net.
1:22 of 2nd period - Snap shot by Luca Del Bel Belluz.
1:22 of 2nd period - Stopped by Carter Hart with a rebound.
1:24 of 2nd period - Slapshot by Luca Del Bel Belluz.
1:24 of 2nd period - Stopped by Carter Hart without a rebound.
1:25 of 2nd period - Luca Del Bel Belluz wins face-off versus Gage Goncalves in Tucson Roadrunners zone.
1:34 of 2nd period - Snap shot by Jaret Anderson-Dolan.
1:34 of 2nd period - Stopped by Carter Hart without a rebound.
1:35 of 2nd period - Adam Klapka wins face-off versus Anthony Richard in Tucson Roadrunners zone.
1:38 of 2nd period - 10 Minutes Misconduct Penalty to Maxwell Crozier is over.
2:11 of 2nd period - Snap shot by Egor Afanasyev.
2:11 of 2nd period - Stopped by Carter Hart with a rebound.
2:50 of 2nd period - Slapshot by Luca Del Bel Belluz.
2:50 of 2nd period - Shot Misses the Net.
3:30 of 2nd period - Backhand shot by Tyson Barrie.
3:30 of 2nd period - Shot Misses the Net.
3:32 of 2nd period - Wrist shot by Gage Goncalves.
3:32 of 2nd period - Shot Misses the Net.
3:34 of 2nd period - Slapshot by Tyson Barrie.
3:34 of 2nd period - Shot Misses the Net.
3:36 of 2nd period - Slapshot by Mike Hardman.
3:36 of 2nd period - Stopped by Dennis Hildeby without a rebound.
3:37 of 2nd period - Ryan Winterton wins face-off versus Gage Goncalves in Philadelphia Phantoms zone.
3:39 of 2nd period - Icing by Nick Blankenburg.
3:40 of 2nd period - Ryan Winterton wins face-off versus Gage Goncalves in Philadelphia Phantoms zone.
3:40 of 2nd period - Ryan Winterton is hit by Owen Sillinger.
4:16 of 2nd period - Louis Crevier is hit by Anthony Richard and loses puck.
4:32 of 2nd period - Off-side.
4:33 of 2nd period - Adam Klapka wins face-off versus Steven Lorentz in neutral zone.
4:56 of 2nd period - Snap shot by Adam Klapka.
4:56 of 2nd period - Stopped by Carter Hart without a rebound.
4:57 of 2nd period - Anthony Richard wins face-off versus Ryan Winterton in Tucson Roadrunners zone.
5:03 of 2nd period - Off-side.
5:04 of 2nd period - Ryan Winterton wins face-off versus Anthony Richard in neutral zone.
5:07 of 2nd period - Topias Vilen is hit by Marcus Bjork and loses puck.
5:20 of 2nd period - Slapshot by Anthony Richard.
5:20 of 2nd period - Goal by Anthony Richard - Tucson Roadrunners : 4 - Philadelphia Phantoms : 1.
5:21 of 2nd period - Luca Del Bel Belluz wins face-off versus Anthony Richard in neutral zone.
5:34 of 2nd period - Snap shot by Tyson Barrie.
5:34 of 2nd period - Stopped by Dennis Hildeby with a rebound.
5:36 of 2nd period - Wrist shot by Anthony Richard.
5:36 of 2nd period - Stopped by Dennis Hildeby without a rebound.
5:37 of 2nd period - Egor Afanasyev wins face-off versus Walker Duehr in Philadelphia Phantoms zone.
5:44 of 2nd period - Backhand shot by Alex Steeves.
5:44 of 2nd period - Shot Misses the Net.
5:46 of 2nd period - Slapshot by Reilly Walsh.
5:46 of 2nd period - Deflect By Egor Afanasyev.
5:46 of 2nd period - Shot Misses the Net.
5:46 of 2nd period - Puck is out of play.
5:47 of 2nd period - Egor Afanasyev wins face-off versus Walker Duehr in Tucson Roadrunners zone.
6:02 of 2nd period - Snap shot by Tye Kartye.
6:02 of 2nd period - Shot Misses the Net.
6:04 of 2nd period - Slapshot by Marcus Bjork.
6:04 of 2nd period - Deflect By Tyson Barrie.
6:04 of 2nd period - Stopped by Carter Hart without a rebound.
6:05 of 2nd period - Luca Del Bel Belluz wins face-off versus Anthony Richard in Tucson Roadrunners zone.
6:06 of 2nd period - Wrist shot by Lukas Rousek.
6:06 of 2nd period - Shot Blocked by Anthony Richard.
6:08 of 2nd period - Minor Penalty to Anthony Richard for Tripping.
6:09 of 2nd period - Sheldon Dries wins face-off versus Luca Del Bel Belluz in Tucson Roadrunners zone.
6:39 of 2nd period - Wrist shot by Egor Afanasyev.
6:39 of 2nd period - Goal by Egor Afanasyev - Tucson Roadrunners : 4 - Philadelphia Phantoms : 2.
6:40 of 2nd period - Luca Del Bel Belluz wins face-off versus Anthony Richard in neutral zone.
7:05 of 2nd period - Brock McGinn is hit by Matt Rempe and loses puck.
7:13 of 2nd period - Off-side.
7:14 of 2nd period - Ryan Winterton wins face-off versus Anthony Richard in neutral zone.
7:25 of 2nd period - Slapshot by Maxwell Crozier.
7:25 of 2nd period - Shot Misses the Net.
7:35 of 2nd period - Minor Penalty to Robert Hagg for Delaying the game.
7:36 of 2nd period - Egor Afanasyev wins face-off versus Brock McGinn in Tucson Roadrunners zone.
7:45 of 2nd period - Minor Penalty to Tye Kartye for Cross-checking.
7:46 of 2nd period - William Carrier wins face-off versus Egor Afanasyev in Philadelphia Phantoms zone.
7:49 of 2nd period - Wrist shot by Anthony Richard.
7:49 of 2nd period - Stopped by Dennis Hildeby without a rebound.
7:50 of 2nd period - William Carrier wins face-off versus Egor Afanasyev in Philadelphia Phantoms zone.
7:51 of 2nd period - Slapshot by Tyson Barrie.
7:51 of 2nd period - Stopped by Dennis Hildeby without a rebound.
7:52 of 2nd period - Egor Afanasyev wins face-off versus William Carrier in Philadelphia Phantoms zone.
8:19 of 2nd period - Snap shot by Sheldon Dries.
8:19 of 2nd period - Deflect By Brock McGinn.
8:19 of 2nd period - Shot Misses the Net.
8:19 of 2nd period - Puck is out of play.
8:20 of 2nd period - Sheldon Dries wins face-off versus Luca Del Bel Belluz in Philadelphia Phantoms zone.
8:33 of 2nd period - Wrist shot by Sheldon Dries.
8:33 of 2nd period - Shot Blocked by Egor Afanasyev.
8:35 of 2nd period - Snap shot by Brock McGinn.
8:35 of 2nd period - Stopped by Dennis Hildeby with a rebound.
8:48 of 2nd period - 10 Minutes Misconduct Penalty to Maksymilian Szuber is over.
8:49 of 2nd period - Nick Blankenburg is hit by Anthony Richard and loses puck.
9:35 of 2nd period - Penalty to Robert Hagg is over, Robert Hagg is back on ice.
9:39 of 2nd period - Icing by William Carrier.
9:40 of 2nd period - Adam Klapka wins face-off versus William Carrier in Tucson Roadrunners zone.
9:45 of 2nd period - Penalty to Tye Kartye is over, Tye Kartye is back on ice.
9:47 of 2nd period - Anthony Richard is hit by Adam Klapka and loses puck.
10:30 of 2nd period - Anthony Richard is hit by Tye Kartye and loses puck.
10:46 of 2nd period - Snap shot by Adam Klapka.
10:46 of 2nd period - Shot Misses the Net.
10:48 of 2nd period - Slapshot by Nick Blankenburg.
10:48 of 2nd period - Stopped by Carter Hart without a rebound.
10:49 of 2nd period - Ryan Winterton wins face-off versus Walker Duehr in Tucson Roadrunners zone.
10:56 of 2nd period - Marcus Bjork is hit by Tyson Barrie and loses puck.
11:03 of 2nd period - Backhand shot by Brock McGinn.
11:03 of 2nd period - Shot Misses the Net.
11:05 of 2nd period - Slapshot by Brock McGinn.
11:05 of 2nd period - Shot Blocked by Nils Aman.
11:20 of 2nd period - Slapshot by Tyson Barrie.
11:20 of 2nd period - Stopped by Dennis Hildeby without a rebound.
11:21 of 2nd period - Ryan Winterton wins face-off versus Gage Goncalves in Philadelphia Phantoms zone.
11:27 of 2nd period - Minor Penalty to Owen Sillinger for Holding.
11:28 of 2nd period - Sheldon Dries wins face-off versus Luca Del Bel Belluz in Tucson Roadrunners zone.
11:40 of 2nd period - Snap shot by Alex Steeves.
11:40 of 2nd period - Shot Blocked by Brock McGinn.
12:21 of 2nd period - Sheldon Dries is hit by Ryan Winterton and loses puck.
12:54 of 2nd period - Icing by Ryan Winterton.
12:55 of 2nd period - Luca Del Bel Belluz wins face-off versus Mike Hardman in Philadelphia Phantoms zone.
13:16 of 2nd period - Robert Hagg is hit by Ryan Winterton and loses puck.
13:27 of 2nd period - Penalty to Owen Sillinger is over, Owen Sillinger is back on ice.
13:43 of 2nd period - Snap shot by Owen Sillinger.
13:43 of 2nd period - Shot Misses the Net.
14:19 of 2nd period - Tyson Barrie is hit by James Malatesta and loses puck.
14:59 of 2nd period - Owen Sillinger is hit by Alex Steeves and loses puck.
15:06 of 2nd period - Snap shot by Alex Steeves.
15:06 of 2nd period - Shot Misses the Net.
15:18 of 2nd period - Slapshot by Gage Goncalves.
15:18 of 2nd period - Shot Misses the Net.
15:20 of 2nd period - Wrist shot by Owen Sillinger.
15:20 of 2nd period - Stopped by Dennis Hildeby without a rebound.
15:21 of 2nd period - Anthony Richard wins face-off versus Alex Swetlikoff in Philadelphia Phantoms zone.
15:46 of 2nd period - Minor Penalty to Matt Rempe for Holding.
15:47 of 2nd period - Egor Afanasyev wins face-off versus Walker Duehr in Philadelphia Phantoms zone.
17:46 of 2nd period - Penalty to Matt Rempe is over, Matt Rempe is back on ice.
18:23 of 2nd period - Slapshot by Alex Steeves.
18:23 of 2nd period - Deflect By Egor Afanasyev.
18:23 of 2nd period - Deflect By Topias Vilen.
18:23 of 2nd period - Stopped by Carter Hart with a rebound.
19:47 of 2nd period - Wrist shot by William Carrier.
19:47 of 2nd period - Shot Blocked by Tyler Kleven.
Goals for this period are 1 for Tucson Roadrunners vs 1 for Philadelphia Phantoms.
Shots for this period are 10 for Tucson Roadrunners vs 14 for Philadelphia Phantoms.
3rd period
0:01 of 3rd period - Walker Duehr wins face-off versus Luca Del Bel Belluz in neutral zone.
0:41 of 3rd period - Slapshot by Tyson Barrie.
0:41 of 3rd period - Stopped by Dennis Hildeby with a rebound.
1:19 of 3rd period - Snap shot by Egor Afanasyev.
1:19 of 3rd period - Deflect By Tye Kartye.
1:19 of 3rd period - Stopped by Carter Hart with a rebound.
1:21 of 3rd period - Snap shot by Egor Afanasyev.
1:21 of 3rd period - Shot Misses the Net.
1:23 of 3rd period - Snap shot by Egor Afanasyev.
1:23 of 3rd period - Goal by Egor Afanasyev - Tucson Roadrunners : 4 - Philadelphia Phantoms : 3.
1:24 of 3rd period - Luca Del Bel Belluz wins face-off versus Brock McGinn in neutral zone.
1:29 of 3rd period - Steven Lorentz is hit by Jaret Anderson-Dolan and loses puck.
1:39 of 3rd period - Off-side.
1:40 of 3rd period - Anthony Richard wins face-off versus Matt Rempe in neutral zone.
1:51 of 3rd period - Slapshot by Tyson Barrie.
1:51 of 3rd period - Deflect By Sheldon Dries.
1:51 of 3rd period - Shot Misses the Net.
1:51 of 3rd period - Puck is out of play.
1:52 of 3rd period - Luca Del Bel Belluz wins face-off versus Walker Duehr in Philadelphia Phantoms zone.
1:59 of 3rd period - Snap shot by Brock McGinn.
1:59 of 3rd period - Stopped by Dennis Hildeby with a rebound.
2:18 of 3rd period - Anthony Richard is hit by Adam Klapka and loses puck.
2:38 of 3rd period - Off-side.
2:39 of 3rd period - Gage Goncalves wins face-off versus Ryan Winterton in neutral zone.
2:42 of 3rd period - Slapshot by Mike Hardman.
2:42 of 3rd period - Stopped by Dennis Hildeby with a rebound.
2:44 of 3rd period - Snap shot by Gage Goncalves.
2:44 of 3rd period - Shot Misses the Net.
2:50 of 3rd period - Snap shot by Gage Goncalves.
2:50 of 3rd period - Shot Misses the Net.
2:52 of 3rd period - Wrist shot by Owen Sillinger.
2:52 of 3rd period - Shot Misses the Net.
2:54 of 3rd period - Snap shot by Mike Hardman.
2:54 of 3rd period - Shot Misses the Net.
2:56 of 3rd period - Snap shot by Owen Sillinger.
2:56 of 3rd period - Shot Misses the Net.
2:58 of 3rd period - Slapshot by Maxwell Crozier.
2:58 of 3rd period - Stopped by Dennis Hildeby without a rebound.
2:59 of 3rd period - Luca Del Bel Belluz wins face-off versus Walker Duehr in Philadelphia Phantoms zone.
2:59 of 3rd period - Luca Del Bel Belluz is hit by Tyson Barrie.
3:32 of 3rd period - Tyson Barrie is hit by Adam Klapka and loses puck.
4:27 of 3rd period - Robert Hagg is hit by Jaret Anderson-Dolan and loses puck.
5:07 of 3rd period - Snap shot by William Carrier.
5:07 of 3rd period - Stopped by Dennis Hildeby without a rebound.
5:08 of 3rd period - William Carrier wins face-off versus Luca Del Bel Belluz in Philadelphia Phantoms zone.
5:15 of 3rd period - Slapshot by Anthony Richard.
5:15 of 3rd period - Stopped by Dennis Hildeby with a rebound.
5:35 of 3rd period - Brock McGinn is hit by Matt Rempe and loses puck.
6:01 of 3rd period - Marcus Bjork is hit by Owen Sillinger.
6:09 of 3rd period - Topias Vilen is hit by Louis Crevier and loses puck.
6:16 of 3rd period - Wrist shot by James Malatesta.
6:16 of 3rd period - Shot Misses the Net.
6:26 of 3rd period - Slapshot by James Malatesta.
6:26 of 3rd period - Shot Misses the Net.
6:28 of 3rd period - Slapshot by Tyler Kleven.
6:28 of 3rd period - Shot Blocked by Gage Goncalves.
6:30 of 3rd period - Snap shot by Ryan Johnson.
6:30 of 3rd period - Stopped by Carter Hart with a rebound.
6:32 of 3rd period - Slapshot by Ryan Winterton.
6:32 of 3rd period - Shot Misses the Net.
6:34 of 3rd period - Wrist shot by Ryan Winterton.
6:34 of 3rd period - Goal by Ryan Winterton - Tucson Roadrunners : 4 - Philadelphia Phantoms : 4.
6:35 of 3rd period - Walker Duehr wins face-off versus Luca Del Bel Belluz in neutral zone.
6:46 of 3rd period - Snap shot by Brock McGinn.
6:46 of 3rd period - Stopped by Dennis Hildeby with a rebound.
7:24 of 3rd period - Maxwell Crozier is hit by Egor Afanasyev and loses puck.
8:17 of 3rd period - Brock McGinn is hit by Tye Kartye and loses puck.
8:33 of 3rd period - Egor Afanasyev is hit by Walker Duehr and loses puck.
8:46 of 3rd period - Wrist shot by Walker Duehr.
8:46 of 3rd period - Stopped by Dennis Hildeby without a rebound.
8:47 of 3rd period - Adam Klapka wins face-off versus Anthony Richard in Philadelphia Phantoms zone.
8:58 of 3rd period - Snap shot by William Carrier.
8:58 of 3rd period - Goal by William Carrier - Tucson Roadrunners : 5 - Philadelphia Phantoms : 4.
8:59 of 3rd period - Anthony Richard wins face-off versus Luca Del Bel Belluz in neutral zone.
9:35 of 3rd period - Wrist shot by Gage Goncalves.
9:35 of 3rd period - Stopped by Dennis Hildeby with a rebound.
9:52 of 3rd period - Minor Penalty to Maxwell Crozier for Hooking.
9:53 of 3rd period - Sheldon Dries wins face-off versus Egor Afanasyev in Tucson Roadrunners zone.
11:52 of 3rd period - Penalty to Maxwell Crozier is over, Maxwell Crozier is back on ice.
12:02 of 3rd period - Gage Goncalves is hit by Matt Rempe.
13:11 of 3rd period - Lukas Rousek is hit by Ondrej Pavel.
13:15 of 3rd period - Wrist shot by Maxwell Crozier.
13:15 of 3rd period - Shot Hit the Post.
13:39 of 3rd period - Snap shot by James Malatesta.
13:39 of 3rd period - Shot Blocked by Maxwell Crozier.
14:22 of 3rd period - Snap shot by Owen Sillinger.
14:22 of 3rd period - Stopped by Dennis Hildeby with a rebound.
14:36 of 3rd period - Wrist shot by Nils Aman.
14:36 of 3rd period - Shot Misses the Net.
14:46 of 3rd period - Tye Kartye is hit by Maksymilian Szuber and loses puck.
15:01 of 3rd period - Alex Swetlikoff is hit by Gage Goncalves and loses puck.
15:44 of 3rd period - Jaret Anderson-Dolan is hit by William Carrier and loses puck.
16:15 of 3rd period - Maksymilian Szuber is hit by Matt Rempe and loses puck.
16:55 of 3rd period - Minor Penalty to Robert Hagg for Tripping.
16:56 of 3rd period - Luca Del Bel Belluz wins face-off versus William Carrier in Tucson Roadrunners zone.
17:21 of 3rd period - Anthony Richard is hit by Tye Kartye and loses puck.
17:26 of 3rd period - Wrist shot by Egor Afanasyev.
17:26 of 3rd period - Stopped by Carter Hart without a rebound.
17:27 of 3rd period - Sheldon Dries wins face-off versus Egor Afanasyev in Tucson Roadrunners zone.
17:41 of 3rd period - Egor Afanasyev is hit by Maxwell Crozier and loses puck.
17:52 of 3rd period - Backhand shot by Ryan Johnson.
17:52 of 3rd period - Deflect By Maxwell Crozier.
17:52 of 3rd period - Stopped by Carter Hart with a rebound.
17:54 of 3rd period - Snap shot by Luca Del Bel Belluz.
17:54 of 3rd period - Goal by Luca Del Bel Belluz - Tucson Roadrunners : 5 - Philadelphia Phantoms : 5.
17:55 of 3rd period - Gage Goncalves wins face-off versus Ryan Winterton in neutral zone.
17:55 of 3rd period - Tyler Kleven beats up Mike Hardman.
17:55 of 3rd period - Penalty to Tyler Kleven for Fighting.
17:55 of 3rd period - Penalty to Mike Hardman for Fighting.
17:56 of 3rd period - Ryan Winterton wins face-off versus Gage Goncalves in neutral zone.
18:07 of 3rd period - Snap shot by Nils Aman.
18:07 of 3rd period - Stopped by Carter Hart with a rebound.
18:09 of 3rd period - Slapshot by Louis Crevier.
18:09 of 3rd period - Stopped by Carter Hart with a rebound.
18:11 of 3rd period - Slapshot by James Malatesta.
18:11 of 3rd period - Shot Blocked by Tyson Barrie.
18:21 of 3rd period - Johnathan Kovacevic is hit by Tye Kartye and loses puck.
18:26 of 3rd period - Snap shot by Tye Kartye.
18:26 of 3rd period - Stopped by Carter Hart with a rebound.
18:48 of 3rd period - Gage Goncalves is hit by Egor Afanasyev and loses puck.
19:05 of 3rd period - Egor Afanasyev is hit by Johnathan Kovacevic and loses puck.
19:12 of 3rd period - Alex Steeves is hit by Owen Sillinger and loses puck.
19:24 of 3rd period - Slapshot by Tyson Barrie.
19:24 of 3rd period - Shot Misses the Net.
19:39 of 3rd period - Wrist shot by Gage Goncalves.
19:39 of 3rd period - Shot Misses the Net.
19:59 of 3rd period - Slapshot by Gage Goncalves.
19:59 of 3rd period - Stopped by Dennis Hildeby with a rebound.
Goals for this period are 1 for Tucson Roadrunners vs 3 for Philadelphia Phantoms.
Shots for this period are 12 for Tucson Roadrunners vs 10 for Philadelphia Phantoms.
Overtime #1
0:01 of 1st overtime period - Sheldon Dries wins face-off versus Egor Afanasyev in neutral zone.
0:06 of 1st overtime period - Snap shot by Brock McGinn.
0:06 of 1st overtime period - Stopped by Dennis Hildeby with a rebound.
0:08 of 1st overtime period - Wrist shot by Brock McGinn.
0:08 of 1st overtime period - Shot Misses the Net.
0:28 of 1st overtime period - Snap shot by William Carrier.
0:28 of 1st overtime period - Stopped by Dennis Hildeby without a rebound.
0:29 of 1st overtime period - Luca Del Bel Belluz wins face-off versus William Carrier in Philadelphia Phantoms zone.
0:40 of 1st overtime period - Backhand shot by Luca Del Bel Belluz.
0:40 of 1st overtime period - Stopped by Carter Hart with a rebound.
0:42 of 1st overtime period - Snap shot by Luca Del Bel Belluz.
0:42 of 1st overtime period - Shot Misses the Net.
0:44 of 1st overtime period - Slapshot by Marcus Bjork.
0:44 of 1st overtime period - Shot Misses the Net.
0:56 of 1st overtime period - Wrist shot by William Carrier.
0:56 of 1st overtime period - Shot Hit the Post.
2:31 of 1st overtime period - Alex Swetlikoff is hit by Zach Dean and loses puck.
2:55 of 1st overtime period - Penalty to Tyler Kleven is over, Tyler Kleven is back on ice.
2:55 of 1st overtime period - Penalty to Mike Hardman is over, Mike Hardman is back on ice.
3:10 of 1st overtime period - Minor Penalty to Mike Hardman for Delaying the game.
3:11 of 1st overtime period - Luca Del Bel Belluz wins face-off versus Anthony Richard in Tucson Roadrunners zone.
3:11 of 1st overtime period - Wrist shot by Tye Kartye.
3:11 of 1st overtime period - Shot Misses the Net.
3:13 of 1st overtime period - Snap shot by Luca Del Bel Belluz.
3:13 of 1st overtime period - Stopped by Carter Hart without a rebound.
3:14 of 1st overtime period - Luca Del Bel Belluz wins face-off versus Anthony Richard in Tucson Roadrunners zone.
3:27 of 1st overtime period - Wrist shot by Tye Kartye.
3:27 of 1st overtime period - Stopped by Carter Hart without a rebound.
3:28 of 1st overtime period - William Carrier wins face-off versus Luca Del Bel Belluz in Tucson Roadrunners zone.
4:01 of 1st overtime period - Wrist shot by Alex Steeves.
4:01 of 1st overtime period - Shot Misses the Net.
4:03 of 1st overtime period - Wrist shot by Alex Steeves.
4:03 of 1st overtime period - Goal by Alex Steeves - Tucson Roadrunners : 5 - Philadelphia Phantoms : 6.
Goals for this period are 0 for Tucson Roadrunners vs 1 for Philadelphia Phantoms.
Shots for this period are 2 for Tucson Roadrunners vs 4 for Philadelphia Phantoms.
Back to the Top